 Dungeon Crawl Stone Soup version 0.29.1-15-g9cfb28693d (webtiles) character file.

Game seed: 5251929323038459710

175 McKennaii the Caller (level 5, 0/38 HPs)
             Began as a Demigod Summoner on Feb 23, 2023.
             Slain by Pikel
             ... wielding a +1 whip of flaming
              (1 damage)
             ... on level 3 of the Dungeon.
             The game lasted 00:03:32 (3098 turns).

McKennaii the Caller (Demigod Summoner)             Turns: 3098, Time: 00:03:33

Health: 0/38       AC:  4    Str: 12    XL:     5   Next: 8%
Magic:  10/13      EV: 16    Int: 21    God:
Gold:   273        SH:  0    Dex: 14    Spells: 5/11 levels left

rFire   . . .      SeeInvis .   e - +2 spear (venom)
rCold   . . .      Faith    .   (no shield)
rNeg    . . .      Spirit   .   a - +0 robe
rPois   .          Reflect  .   (no helmet)
rElec   .          Harm     .   (no cloak)
rCorr   .          Rampage  .   o - +1 pair of gloves
Will    +....                   (no boots)
Stlth   ++........              (no amulet)
HPRegen 0.12/turn               j - ring of Umedgh {Will+ EV+4 Str+3}
MPRegen 0.13/turn               (no ring)

@: no status effects
A: high MP 1, forlorn, divine attributes
a: no special abilities


You were on level 3 of the Dungeon.
You visited 1 branch of the dungeon, and saw 4 of its levels.

You collected 273 gold pieces.

Inventory:

Hand Weapons
 e - a +2 spear of venom (weapon)
 i - the +1 hand axe "Fasups" {vorpal, rN+ Will- Str+4 SInv}
   (You found it on level 2 of the Dungeon)

   It inflicts extra damage upon your enemies.
   Str:       It affects your strength (+4).
   rN:        It protects you from negative energy.
   SInv:      It lets you see invisible.
   Will:      It decreases your willpower.
Armour
 a - a +0 robe (worn)
 o - a +1 pair of gloves (worn)
Jewellery
 j - the ring of Umedgh (left hand) {Will+ EV+4 Str+3}
   (You took it off a kobold on level 2 of the Dungeon)

   [ring of evasion]

   EV:        It affects your evasion (+4).
   Str:       It affects your strength (+3).
   Will:      It increases your willpower.
Scrolls
 c - 6 scrolls of identify {unknown}
 d - 2 scrolls of teleportation {unknown}
 g - a scroll of torment {unknown}
 h - 2 scrolls of noise {unknown}
 n - a scroll of enchant armour {unknown}
 q - 2 scrolls of blinking {unknown}
 r - a scroll of enchant weapon {unknown}
Potions
 b - a potion of magic
 f - a potion of lignification {unknown}
 k - 2 potions of heal wounds {unknown}
 l - a potion of mutation {unknown}
 m - 4 potions of brilliance {unknown}
 p - a potion of attraction {unknown}


   Skills:
 - Level 1.7 Dodging
 - Level 1.7 Stealth
 + Level 3.5 Spellcasting
 + Level 5.0 Summonings


You had 5 spell levels left.
You knew the following spells:

 Your Spells              Type           Power      Damage    Failure   Level
a - Summon Small Mammal   Summ           96%        N/A       1%          1
b - Call Imp              Summ           24%        N/A       2%          2
c - Call Canine Familiar  Summ           24%        N/A       4%          3

Your spell library contained the following spells:

 Spells                   Type           Power      Damage    Failure   Level
 Summon Guardian Golem    Hex/Summ       14%        N/A       14%         3
 Sublimation of Blood     Necr           3%         N/A       19%         2
 Wereblood                Tmut           3%         N/A       19%         2
 Conjure Flame            Conj/Fire      3%         6-21      36%         3
 Ignite Poison            Fire/Tmut/Pois 3%         N/A       36%         3
 Summon Lightning Spire   Summ/Air       14%        N/A       41%         4
 Sticky Flame             Conj/Fire      3%         2d3       77%         4
 Alistair's Intoxication  Tmut/Pois      2%         N/A       98%         5
 Borgnjor's Vile Clutch   Necr/Erth      1%         N/A       98%         5
 Eringya's Noxious Bog    Tmut/Pois      1%         N/A       100%        6
 Summon Hydra             Summ           12%        N/A       100%        7


Dungeon Overview and Level Annotations

Branches:
Dungeon (4/15)
 Temple: D:4-7

Annotations:
D:3 Pikel
D:4 Dowan, Duvessa


Innate Abilities, Weirdness & Mutations

You have an increased reservoir of magic. (+10% MP)
You shall have no god before yourself.
Your divine heritage dramatically boosts your attributes as you level up.


Message History

Your quokka bites Pikel but does no damage.
Your hound barely misses Pikel.
Pikel hits you with a +1 whip of flaming.
Pikel burns you. The lemure misses your hound.
Your crimson imp hits Pikel but does no damage.
You closely miss Pikel.
Pikel is moderately wounded.
Your hound barely misses Pikel.
Your quokka closely misses Pikel.
The lemure barely misses your quokka. Pikel misses you.
Your crimson imp hits Pikel but does no damage.
Your hound completely misses Pikel.
Unknown command.
You miss Pikel.
Pikel is heavily wounded.
Your quokka barely misses Pikel.
Your hound bites Pikel.
The lemure hits your quokka.
Your quokka dies!
Your quokka's corpse disappears in a puff of smoke!
Pikel hits you with a +1 whip of flaming!
Pikel burns you.
Your crimson imp misses Pikel.
You closely miss Pikel.
Pikel is heavily wounded.
Your hound bites Pikel but does no damage.
Pikel drinks a potion.
Pikel is healed!
Pikel looks more healthy.
Your crimson imp hits Pikel but does no damage.
Your hound closely misses Pikel.
Unknown command.
Your hound bites Pikel.
Pikel completely misses you.
Your crimson imp closely misses Pikel.
You climb upwards.
There is a stone staircase leading down here.
Unknown command.
Pikel hits you with a +1 whip of flaming.
Pikel burns you.
* * * LOW HITPOINT WARNING * * *
Pikel attacks as you move away!
Pikel hits you with a +1 whip of flaming!
* * * LOW HITPOINT WARNING * * *
Pikel burns you.
You die...

..#.#..........<#...........#
..#.#)##......#.#..####..(..#
..#.#...).......#..####.....#
..#.#####.....###...........#
###.##......#...............#
#.##...............###+####
#.##.....#..#...##.....#
#.##.....#(..K#################
#.##.........>@............[..#
#.###########################.#
#....)..).................).#.#
####################........#.#
#.####.#.#.# #.#....#.#.#
#.#.####.#.# #.#......#.#
#.########.#


You could see Pikel.

Vanquished Creatures
  An adder (D:2)
  2 worms
  2 dart slugs (D:3)
  A ball python (D:1)
  6 endoplasms
  4 giant cockroaches
  10 goblins
  13 hobgoblins
  A jackal (D:4)
  9 kobolds
  A quokka (D:2)
  3 bats (D:2)
  A frilled lizard (D:2)
  2 rats
56 creatures vanquished.

Vanquished Creatures (collateral kills)
  A scorpion (D:4)
  An adder (D:3)
  A dart slug (D:1)
  An orc (D:4)
  3 bats
  A goblin (D:1)
  2 hobgoblins (D:1)
  3 ball pythons (D:1)
  A rat (D:2)
14 creatures vanquished.

Grand Total: 70 creatures vanquished

Notes
Turn   | Place    | Note
-------+----------+-------------------------------------------
     0 | D:1      | McKennaii the Demigod Summoner began the quest for the Orb.
     0 | D:1      | Reached XP level 1. HP: 14/14 MP: 5/5
   386 | D:1      | Reached XP level 2. HP: 16/20 MP: 4/7
   525 | D:1      | Reached skill level 4 in Summonings
  1192 | D:2      | Reached XP level 3. HP: 26/26 MP: 7/9
  1209 | D:2      | Learned a level 2 spell: Call Imp
  1213 | D:2      | Learned a level 3 spell: Call Canine Familiar
  1608 | D:2      | Identified the +1 hand axe "Fasups" {vorpal, rN+ Will-
                  | Str+4 SInv}
  1953 | D:2      | Identified the ring of Umedgh {Will+ EV+4 Str+3}
  2554 | D:3      | Reached XP level 4. HP: 29/33 MP: 9/11
  2967 | D:4      | Reached XP level 5. HP: 38/38 MP: 9/13
  2988 | D:4      | Reached skill level 5 in Summonings
  3027 | D:4      | Noticed Pikel
  3029 | D:4      | Noticed Duvessa
  3031 | D:4      | Noticed Dowan
  3098 | D:3      | HP: 1/38 [Pikel/+1 whip of flaming (10)]
  3098 | D:3      | Slain by Pikel

Illustrated notes

Levels and vault maps discovered:
D:1:      dreamdust_arrival_sigmund_warning, layout_basic
D:2:      layout_loops_corners
D:3:      cheibrodos_greedy_goblins, layout_basic
D:4:      minmay_general_purpose_star, layout_rooms, uniq_natasha, uniq_duvessa,
          uniq_edmund, uniq_pikel, uniq_ijyb

Skill      XL: |  1  2  3  4  5 |
---------------+----------------+-----
Spellcasting   | 2 3 |  3.5
Summonings     | 4 5 |  5.0
Dodging        | |  1.7
Stealth        | |  1.7

Action                   |  1- 3 |  4- 6 || total
-------------------------+-------+-------++-------
Melee: Unarmed           |    14 |       ||    14
       Spear             |    90 |    36 ||   126
       Hand axe          |     1 |       ||     1
 Cast: Summon Small Mamm |    38 |     8 ||    46
       Call Imp          |       |     3 ||     3
       Call Canine Famil |       |     1 ||     1
 Stab: Sleeping          |     7 |     3 ||    10
Armor: Robe              |    10 |     4 ||    14
Dodge: Dodged            |    46 |    10 ||    56
